Map: Eternal Empire LE

Players

Yoger

  • Race: Zerg Zerg
  • Spawn Location: 7:00

Nice - Winner!

  • Race: Protoss Protoss
  • Spawn Location: 1:00

Event: DreamHack SC2 Masters 2020 Fall

VOD

Have the link to the VOD?

Description

Time

  • Played on: Aug. 29, 2020, 7:46 a.m.
  • Length: 6:03

All games in this series

Show
View Real Time Build Order
Export as new Build Order

Yoger Zerg 

Build Orders: Hatch First 

Get SALT Encoding   

  12  0:00  Drone  
  13  0:13  Overlord  
  13  0:17  Drone  
  14  0:31  Drone x2  
  16  0:48  Hatchery  
  15  0:51  Drone  
  15  0:55  Drone  
  17  0:58  Drone  
  18  1:10  Extractor  
  17  1:14  Spawning Pool  
  17  1:17  Drone  
  17  1:21  Drone  
  18  1:28  Drone  
  19  1:41  Drone  
  20  1:48  Hatchery  
  20  1:51  Drone  
  20  2:01  Queen  
  20  2:05  Drone  
  20  2:08  Drone  
  24  2:11  Drone  
  25  2:17  Overlord  
  25  2:24  Queen  
  25  2:27  Drone  
  28  2:32  Metabolic Boost  
  28  2:37  Zergling x2  
  29  2:40  Drone  
  29  2:42  Zergling x2  
  31  2:45  Drone  
  31  2:48  Drone  
  33  2:54  Overlord  
  33  2:55  Drone  
  34  2:58  Queen  
  34  3:00  Drone  
  37  3:09  Drone x2  
  37  3:11  Queen  
  41  3:13  Drone  
  41  3:17  Drone x2  
  44  3:29  Drone x3  
  44  3:34  Overlord  
  47  3:39  Roach Warren  
  47  3:41  Drone x2  
  48  3:43  Drone  
  48  3:47  Drone  
  50  3:51  Queen  
  50  3:53  Drone, Extractor, Overlord  
  50  3:54  Drone x2  
  53  3:59  Drone  
  53  4:01  Drone  
  55  4:05  Zergling x4  
  57  4:10  Overlord  
  57  4:11  Zergling x4  
  57  4:13  Zergling x6  
  57  4:14  Zergling x2  
  63  4:17  Spine Crawler  
  63  4:21  Zergling x8  
  66  4:24  Overlord  
  65  4:39  Roach x4  
  72  4:47  Roach x5  
  72  4:52  Spore Crawler  
  80  4:56  Spore Crawler  
  80  4:57  Extractor  
  80  4:58  Extractor  
  77  5:01  Drone  
  77  5:02  Drone x3  
  77  5:05  Overlord  
  81  5:13  Spore Crawler  
  80  5:16  Overlord  
  81  5:23  Spore Crawler  
Show
View Real Time Build Order
Export as new Build Order

Nice Protoss - Winner!

Build Orders: 1 Gate Expand, Dark Templar Rush 

Get SALT Encoding   

  12  0:00  Probe  
  13  0:12  Probe  
  14  0:19  Pylon  
  14  0:24  Probe  
  15  0:30  Assimilator  
  15  0:37  Probe (Chrono Boost)  
  16  0:44  Gateway  
  16  0:49  Probe (Chrono Boost)  
  17  0:56  Probe (Chrono Boost)  
  18  1:03  Probe  
  19  1:17  Probe  
  20  1:24  Nexus  
  20  1:34  Cybernetics Core  
  20  1:40  Assimilator  
  20  1:41  Probe  
  21  1:49  Pylon  
  21  1:53  Probe  
  22  2:05  Probe  
  22  2:07  Stalker (Chrono Boost)  
  23  2:10  Warp Gate  
  25  2:17  Twilight Council  
  25  2:20  Probe  
  26  2:30  Adept  
  26  2:32  Probe (Chrono Boost)  
  26  2:35  Probe (Chrono Boost)  
  30  2:44  Probe (Chrono Boost)  
  32  2:45  Probe (Chrono Boost)  
  32  2:48  Probe (Chrono Boost)  
  32  2:50  Probe (Chrono Boost)  
  33  2:54  Robotics Facility  
  34  3:00  Probe  
  34  3:02  Probe  
  36  3:07  Dark Shrine  
  36  3:13  Probe  
  36  3:16  Probe  
  36  3:19  Gateway  
  38  3:26  Gateway  
  38  3:35  Probe x2  
  38  3:39  Pylon  
  38  3:40  Warp Prism (Chrono Boost)  
  42  3:50  Probe  
  42  3:51  Probe  
  42  3:52  Shield Battery  
  44  3:58  Adept  
  44  4:02  Probe  
  47  4:03  Probe, Pylon  
  48  4:11  Pylon  
  48  4:13  Assimilator  
  49  4:23  Assimilator  
  50  4:26  Dark Templar x3  
  50  4:27  Probe x2  
  56  4:39  Probe  
  54  4:59  Dark Templar  
  55  5:01  Probe x2  
  55  5:03  Pylon  
  55  5:04  Pylon  
  57  5:07  Dark Templar  
  57  5:12  Gateway  
  57  5:14  Gateway  
  59  5:15  Gateway  
  59  5:17  Gateway  
  59  5:20  Immortal (Chrono Boost)  
  63  5:33  Gateway  

Tags
 
Add a new tag
Caveats
  • Supply blocks, unpowered buildings, or Contaminate may cause inaccurate times.
  • Supply counts are checked every 10 seconds.